 Dungeon Crawl Stone Soup version 0.21.0 (webtiles) character file.

420 Ghouzt the Chopper (level 6, -4/56 HPs)
             Began as a Draconian Berserker on Jan 7, 2018.
             Was a Priest of Trog.
             Shot with an arrow by a centaur (12 damage)
             ... on level 5 of the Dungeon.
             The game lasted 00:11:34 (3195 turns).

Ghouzt the Chopper (Draconian Berserker)            Turns: 3195, Time: 00:11:34

Health: -4/56      AC:  6    Str: 22    XL:     6   Next: 62%
Magic:  6/6        EV: 13    Int:  7    God:    Trog [***...]
Gold:   183        SH:  0    Dex: 10    Spells: 5/5 levels left

rFire    . . .     SeeInvis .   a - +0 hand axe
rCold    . . .     Gourm    .   (no shield)
rNeg     . . .     Faith    .   (armour unavailable)
rPois    .         Spirit   .   (helmet restricted)
rElec    .         Reflect  .   (no cloak)
rCorr    .         Harm     +   (no gloves)
MR       .....                  (no boots)
Stlth    +.........             r - amulet of harm
HPRegen  0.18/turn              (no ring)
MPRegen  0.10/turn              (no ring)

@: no status effects
A: unfitting armour, cold-blooded, AC +6
a: Berserk, Trog's Hand, Burn Spellbooks, Renounce Religion


You were on level 5 of the Dungeon.
You worshipped Trog.
Trog was most pleased with you.
You were not hungry.

You visited 1 branch of the dungeon, and saw 5 of its levels.

You collected 183 gold pieces.

Inventory:

Hand Weapons
 a - a +0 hand axe (weapon)
 c - a cursed -2 spear
 f - a +0 hand axe
Jewellery
 k - an uncursed ring of magical power
 r - an amulet of harm (around neck)
Scrolls
 h - 3 scrolls of remove curse
 i - a scroll of magic mapping {unknown}
 l - a scroll of enchant weapon {unknown}
 o - a scroll of identify {unknown}
Potions
 j - a potion of mutation {unknown}
 m - 2 potions of flight {unknown}
 n - 4 potions of lignification {unknown}
 p - a potion of magic {unknown}
 q - a potion of cancellation {unknown}
 s - a potion of ambrosia {unknown}
 t - a potion of resistance {unknown}
Comestibles
 b - 7 rations
 u - a chunk of flesh


   Skills:
 * Level 5.1 Fighting
 + Level 5.5 Axes
 + Level 4.2 Dodging
 - Level 0.2 Stealth


You had 5 spell levels left.
You didn't know any spells.

Dungeon Overview and Level Annotations

Branches:
Dungeon (5/15)
 Temple: D:4-7

Altars:
Elyvilon
Xom
Zin

Annotations:
D:3 theanonym's ghost, amateur HuAK


Innate Abilities, Weirdness & Mutations

Your plain brown scales are hard. (AC +6)
You cannot fit into any form of body armour.
You are cold-blooded and may be slowed by cold attacks.


Message History

The centaur shoots an arrow.
The arrow hits you.
The centaur shoots an arrow.
The arrow hits you!
You see here 2 arrows.
The centaur shoots an arrow.
The arrow closely misses you.
You see here an arrow.
The centaur shoots an arrow.
The arrow hits you.
You see here an arrow.
The centaur shoots an arrow.
The arrow barely misses you.
The centaur shoots an arrow.
The arrow hits you!
* * * LOW HITPOINT WARNING * * *
You see here an arrow.
The centaur shoots an arrow.
The arrow closely misses you.
The centaur shoots an arrow.
The arrow hits you.
* * * LOW HITPOINT WARNING * * *
You see here 2 arrows.
The centaur shoots an arrow.
The arrow hits you but does no damage.
You see here an arrow.
The centaur shoots an arrow.
The arrow barely misses you.
The centaur shoots an arrow.
The arrow hits you!
You die...

...c.......#
..# #(c.(#
#.# ##.#.##
#.####....#
#.##.c....#
#.##.#....#
#.##(#.####
#.##c#.#
#.@((..#
####.### ..#
####


You could see a centaur.

Vanquished Creatures
  3 scorpions (D:4)
  2 hounds
  A bullfrog skeleton (D:4)
  An orc wizard (D:4)
  8 adders
  A dart slug (D:2)
  A leopard gecko (D:1)
  3 orcs (D:4)
  8 bats
  A giant cockroach (D:4)
  10 goblins
  11 hobgoblins
  3 jackals
  7 kobolds
  3 quokkas
  4 frilled lizards
  A leopard gecko skeleton (D:4)
  A quokka skeleton (D:3)
  13 rats
82 creatures vanquished.

Notes
Turn   | Place    | Note
-------+----------+-------------------------------------------
     0 | D:1      | Ghouzt the Draconian Berserker began the quest for the Orb.
     0 | D:1      | Reached XP level 1. HP: 19/19 MP: 1/1
   226 | D:1      | Reached XP level 2. HP: 26/26 MP: 2/2
   954 | D:2      | Reached ** piety under Trog
   954 | D:2      | Reached XP level 3. HP: 23/33 MP: 3/3
  1127 | D:2      | HP: 1/33 [poisoned by an adder]
  1426 | D:2      | Reached XP level 4. HP: 33/40 MP: 4/4
  1536 | D:2      | Found a shimmering altar of Xom.
  1983 | D:3      | Reached XP level 5. HP: 47/47 MP: 5/5
  2031 | D:3      | Noticed theanonym's ghost (amateur HuAK)
  2091 | D:4      | Reached *** piety under Trog
  2249 | D:4      | Reached skill level 5 in Axes
  2249 | D:4      | Reached XP level 6. HP: 23/53 MP: 6/6
  2386 | D:4      | Found a white marble altar of Elyvilon.
  2756 | D:4      | Reached skill level 5 in Fighting
  2824 | D:4      | Found a glowing silver altar of Zin.
  3178 | D:5      | Entered Level 5 of the Dungeon
  3195 | D:5      | Shot with an arrow by a centaur

Skill      XL: |  1  2  3  4  5  6 |
---------------+-------------------+-----
Dodging        | 3 4 |  4.2
Fighting       | 4 5 |  5.1
Axes           | 4 5 |  5.5
Stealth        | |  0.2

Action                   |  1- 3 |  4- 6 || total
-------------------------+-------+-------++-------
Melee: Hand axe          |   117 |   161 ||   278
       Tailslap          |    14 |    19 ||    33
  Use: Potion            |     1 |     3 ||     4
       Scroll            |       |     4 ||     4
  Eat: Chunk             |     1 |     7 ||     8
Armor: Skin              |    55 |    54 ||   109
Dodge: Dodged            |    93 |   122 ||   215
